 Dungeon Crawl Stone Soup version 0.30-a0-897-ga2f19c967e (webtiles) character file.

Game seed: 11100824935377255476

5 Drevant2 the Shield-Bearer (level 1, 0/11 HPs)
             Began as a Vine Stalker Fighter on Mar 18, 2023.
             Slain by a goblin
             ... wielding a +0 club
              (2 damage)
             ... on level 1 of the Dungeon.
             The game lasted 00:01:26 (67 turns).

Drevant2 the Shield-Bearer (Vine Stalker Fighter)     Turns: 67, Time: 00:01:27

Health: 0/11       AC:  6    Str: 18    XL:     1   Next: 80%
Magic:  0/2        EV:  6    Int:  8    God:
Gold:   12         SH:  4    Dex: 13    Spells: 0/0 levels left

rFire   . . .      SeeInvis .    a - +0 long sword
rCold   . . .      Faith    .    c - +0 buckler
rNeg    . . .      Spirit   +    b - +0 scale mail
rPois   .          Reflect  .    (no helmet)
rElec   .          Rampage  .    (no cloak)
rCorr   .                        (no gloves)
Will    .....                    (no boots) Stlth
                                 (no amulet)
HPRegen 0.21/turn                (no ring)
MPRegen 0.08/turn                (no ring)

@: constricted
A: fangs 2, magic shield, antimagic bite, no potion heal 2
a: no special abilities


You were on level 1 of the Dungeon.
You visited 1 branch of the dungeon, and saw 1 of its levels.

You collected 12 gold pieces.

Inventory:

Hand Weapons
 a - a +0 long sword (weapon)
Armour
 b - a +0 scale mail (worn)
 c - a +0 buckler (worn)
Scrolls
 e - a scroll of immolation {unknown}
 f - a scroll of fear {unknown}
 g - a scroll of identify {unknown}
Potions
 d - a potion of might


   Skills:
 - Level 2.6 Fighting
 * Level 2.1 Long Blades
 - Level 2.4 Armour
 + Level 2.8 Shields


You couldn't memorise any spells.
You didn't know any spells.
Your spell library was empty.

Dungeon Overview and Level Annotations

Branches:
Dungeon (1/15)

Altars:


Innate Abilities, Weirdness & Mutations

You have extremely sharp teeth.
When hurt, damage is shared between your health and your magic reserves.
Your bite disrupts and absorbs the magic of your enemies.
Potions cannot restore your health.


Message History

The giant cockroach barely misses you.
The ball python bites you but does no damage.
The ball python grabs you. The ball python constricts you.
The giant cockroach bites you but does no damage.
The ball python bites you but does no damage.
The ball python constricts you.
* * * LOW HITPOINT WARNING * * *
The ball python's grasp on you weakens, but your attempt to escape fails.
The goblin barely misses you.
The giant cockroach bites you but does no damage.
The ball python bites you but does no damage.
The ball python constricts you.
You hit the giant cockroach.
You kill the giant cockroach!
The goblin hits you but does no damage. The goblin completely misses you.
You block the ball python's attack. The ball python constricts you.
You escape the ball python's grasp.
The goblin attacks as you move away! The goblin hits you but does no damage.
The frilled lizard barely misses you. The goblin hits you with a +0 club.
* * * LOW HITPOINT WARNING * * *
You see here a bat corpse.
You closely miss the frilled lizard.
The frilled lizard unfolds its giant frill.
The frilled lizard bites you but does no damage.
The goblin barely misses you. The frilled lizard closely misses you.
You barely miss the frilled lizard. Your bite misses the frilled lizard.
The goblin hits you but does no damage. The frilled lizard barely misses you.
You barely miss the ball python. You bite the ball python. You drain its power.
You feel invigorated.
The ball python is severely wounded.
The ball python bites you.
* * * LOW HITPOINT WARNING * * *
You block the ball python's attack. The goblin barely misses you.
The frilled lizard bites you but does no damage.
The ball python bites you but does no damage.
The ball python grabs you. The ball python constricts you.
You closely miss the ball python.
The ball python is severely wounded.
You block the frilled lizard's attack. The goblin hits you with a +0 club.
You die...

#....##### #......#
#......# #####....).# ..
..........#######....
###........)..........
...........#######....
#.........S........#
...#...#@g.....#..#
..##..###l....###.# ##
#...#.......#..##
#.....†.........##
#......>#........# #
#......###.......#
#.####......#<........#
###...##..............#....
.......#..#.......#..## #..


You could see a goblin, a ball python and a frilled lizard.

Vanquished Creatures
  A giant cockroach (D:1)
  2 goblins (D:1)
  A ball python (D:1)
  A bat (D:1)
5 creatures vanquished.

Notes
Turn   | Place    | Note
-------+----------+-------------------------------------------
     0 | D:1      | Drevant2 the Vine Stalker Fighter began the quest for the
                  | Orb.
     0 | D:1      | Reached XP level 1. HP: 11/11 MP: 2/2
    67 | D:1      | Slain by a goblin

Illustrated notes

Levels and vault maps discovered:
D:1:      minmay_arrival_five_plusses, layout_rooms, serial_glass,
          glass_columns_b, glass_columns_b

Skill      XL: |  1 |
---------------+----+-----
Long Blades    | 2 |  2.1
Fighting       | |  2.6
Armour         | |  2.4
Shields        | |  2.8

Action                     || total
---------------------------++-------
  Melee: Long sword        ||    17
         Bite              ||     4
 Armour: Scale mail        ||    27
  Dodge: Dodged            ||    23
  Block: Buckler           ||    11

Table legend: (Time is in decaauts)
 A = Elapsed time spent in this place.
 B = Non-inter-level travel time spent in this place.
 C = Inter-level travel time spent in this place.
 D = Time resting spent in this place.
 E = Time spent auto-exploring this place.
 F = Levels seen in this place.
 G = Mean time per level.
                   A        B        C        D        E       F      G
               +--------+--------+--------+--------+--------+-----+--------+
         Total |     72 |     67 |      5 |      0 |     20 |   1 |   72.0 |
       Dungeon |     72 |     67 |      5 |      0 |     20 |   1 |   72.0 |
               +--------+--------+--------+--------+--------+-----+--------+

Top non-repeatable levels by time:
     D:1: 72 daAuts
